← All builds
Tech / Armada / Economy first / OBSERVED BUILD

Standard tech

Armada Tech (Eco) build order · Supreme Isthmus

Rushes T2 by 4:15, gets Advanced Metal Extractor around 5:28, hands off T2 constructors to Geo and the team, then scales eco and supplies the team's T2 needs through the rest of the game.

Usually first T2 con to Geo (83%)

#eco #t2 #team support · 1579 distinct matches · 255 players · 58% of Armada Tech games · team won 53% of 1874 · Recently observed

HOW TO PLAY IT

Key timing: T2 factory by 4:15

  1. Open 3 mex and heavy wind to fund a fast T2 rush.
  2. Put down Bot Lab, planning to eat it for reclaim soon after.
  3. Get Advanced Bot Lab up, hitting the T2 factory rush timing.
  4. Upgrade mex to Advanced Metal Extractor to lock in team metal income.
  5. Eat Advanced Bot Lab and keep sending cons to Geo and Pond.

Phase by phase

TYPICAL OF ITS 1579 GAMES
  1. 1
  2. 2
  3. 3
  4. 4
PLAY THE OPENING

Follow the example game's first 6:00 step by step: what to build now, what comes next, and where it goes. At 1× it keeps pace with your own game.

  1. 1

    Up to the Bot Lab

    Economy
    • Metal Extractor3Mex
    • Wind Turbine4Wind
    Order
    1. Bot LabBot Lab after 3 mex, 4 winddone ~1:18, middle half 1:13–1:32

    Some games also: energy storage (31%)

    By 1:01 in all: 3 mex · 4 wind

    The example game in this phase · 5 steps
    1. Mex ×3
    2. Wind ×5
    3. Energy storage
    4. Wind
    5. Bot LabBot Labdone 1:50 · typical 1:18
  2. 2

    Bot Lab to Advanced Bot Lab

    Economy
    • Metal Extractor1Mex
    • Wind Turbine8Wind
    • Energy Storage1Energy storage
    Order
    1. Advanced Bot LabAdvanced Bot Lab after 4 mex, 12 wind, 3 con turretdone ~4:16, middle half 4:04–4:30
    Builders
    • Construction Turret3 Con turret
    • Lazarus3 Lazarus
    • Construction Bot2 Con bot
    • Construction Bot1 Con bot for allies

    Some games also: converter (36%)

    By 3:18 in all: 4 mex · 12 wind · 1 energy storage · 3 con turret

    The example game in this phase · 14 steps
    1. Wind
    2. LazarusLazarus
    3. Solar ×3
    4. LazarusLazarus
    5. Construction BotCon bot
    6. LazarusLazarus
    7. Construction BotCon botfor Air
    8. Construction BotCon bot
    9. Mex
    10. Con turret ×2
    11. Wind
    12. Bot LabEat Bot Labreclaimed for its metal
    13. Con turret
    14. Advanced Bot LabAdvanced Bot Labdone 4:22 · typical 4:16
  3. 3

    Advanced Bot Lab to 5:00

    Economy
    • Wind Turbine3Wind
    Order
    1. Bot LabEat Bot Lab
    Builders
    • Advanced Construction Bot1 T2 con bot for allies

    Some games also: converter (35%)

    By 5:00 in all: 4 mex · 15 wind · 1 converter · 1 energy storage · 3 con turret

    The example game in this phase · 7 steps
    1. Wind ×2
    2. Advanced Construction BotT2 con botfor Geo
    3. Wind
    4. Advanced Construction BotT2 con botfor Air
    5. Wind
    6. Converter
    7. Advanced Metal ExtractorT2 mexdone 5:28 · typical 5:29
  4. 4

    5:00 to 10:00

    Economy
    • Wind Turbine43Wind
    • Energy Converter6Converter
    Builders
    • Butler9 Butler
    • Advanced Construction Bot4 T2 con bot for allies
    • Advanced Construction Bot1 T2 con bot

    Some games also: con turret (43%) · Butler for allies (36%)

    By 10:00 in all: 4 mex · 58 wind · 8 converter · 1 energy storage · 3 con turret

    The example game in this phase · 242 steps
    1. Advanced Metal ExtractorT2 mex
    2. Wind
    3. Advanced Metal ExtractorT2 mex ×2
    4. ButlerButler ×2
    5. Advanced Construction BotT2 con botfor Geo sea
    6. Wind
    7. Advanced Construction BotT2 con botfor Beach sea
    8. Wind
    9. ButlerButler
    10. Wind
    11. ButlerButler
    12. Wind
    13. ButlerButler
    14. Wind ×2
    15. ButlerButler
    16. Wind
    17. Advanced Construction BotT2 con botfor Pond
    18. Wind ×3
    19. Converter
    20. Wind ×4
    21. ButlerButler
    22. Wind ×3
    23. Converter
    24. ButlerButler
    25. Wind ×3
    26. Converter
    27. ButlerButler
    28. Wind ×4
    29. ButlerButler
    30. Wind
    31. Converter
    32. Wind
    33. Advanced Construction BotT2 con bot
    34. Wind ×3
    35. Converter
    36. Wind ×4
    37. Converter
    38. Wind ×2
    39. ButlerButler
    40. Wind
    41. Con turret
    42. Wind
    43. Converter
    44. Wind ×4
    45. Con turret
    46. Converter
    47. Wind
    48. ButlerButler
    49. Wind ×4
    50. Converter
    51. Con turret
    52. Wind ×4
    53. Converter
    54. ButlerButler
    55. Wind ×4
    56. Converter
    57. ButlerButler
    58. Wind ×2
    59. Converter
    60. Wind
    61. ButlerButler
    62. Wind ×3
    63. Converter
    64. Wind ×2
    65. ButlerButler
    66. Wind ×2
    67. Converter
    68. Wind ×3
    69. Converter
    70. Wind ×3
    71. Converter
    72. Wind ×2
    73. SharpshooterSniper botfor Ponddone 10:47
    74. Wind ×2
    75. Converter
    76. Wind ×4
    77. Converter ×2
    78. Wind ×3
    79. Converter
    80. Wind ×3
    81. Converter ×2
    82. Wind ×5
    83. Converter
    84. Con turret
    85. Fusion ReactorFusiondone 11:44
    86. Wind ×2
    87. Converter ×2
    88. Wind ×5
    89. Converter ×2
    90. Wind ×4
    91. Converter
    92. Wind ×3
    93. Advanced Bot LabEat Advanced Bot Labreclaimed for its metal
    94. Wind ×3
    95. Converter
    96. Wind ×3
    97. Converter
    98. Wind ×7
    99. Converter ×2
    100. T2 converter
    101. Wind ×4
    102. Converter
    103. Wind ×2
    104. Converter
    105. Wind
    106. Converter
    107. Wind ×3
    108. Converter
    109. Wind ×2
    110. Converter
    111. Wind
    112. Converter
    113. Wind ×2
    114. Converter
    115. Wind
    116. Converter
    117. Wind ×5
    118. Converter
    119. Wind ×4
    120. T2 converter
    121. Converter
    122. Wind ×3
    123. Converter
    124. Wind ×6
    125. Converter
    126. Wind ×2
    127. Converter
    128. Wind ×6
    129. Converter
    130. Wind ×3
    131. Converter
    132. Wind ×3
    133. Converter
    134. Wind ×4
    135. Con turret
    136. Wind
    137. Converter
    138. Wind
    139. CitadelAnti-nukedone 13:23
    140. Converter
    141. Wind
    142. Con turret
    143. Wind ×5
    144. Converter
    145. Wind ×4
    146. Con turret
    147. Wind
    148. Converter
    149. Wind
    150. Converter
    151. Con turret
    152. Wind ×6
    153. Converter
    154. Wind
    155. Converter
    156. Wind ×5
    157. Converter
    158. Wind ×5
    159. TracerTracer
    160. Wind
    161. Converter ×2
    162. Wind ×4
    163. Fusion ReactorFusion
    164. Wind
    165. Converter
    166. Wind ×6
    167. Converter ×2
    168. Wind ×5
    169. Converter ×2
    170. Wind ×3
    171. Converter
    172. Wind ×4
    173. Converter ×2
    174. Wind ×4
    175. Converter
    176. Wind ×3
    177. Converter
    178. Wind
    179. Converter
    180. Wind ×3
    181. Converter
    182. Wind ×2
    183. Converter
    184. Wind
    185. Aircraft PlantAircraft Plantdone 14:24
    186. Converter
    187. Wind ×4
    188. Aircraft PlantAircraft Plantdone 14:12
    189. Converter
    190. Wind ×2
    191. Converter
    192. T2 converter
    193. Wind ×3
    194. Converter
    195. FalconFighter
    196. Wind ×3
    197. Converter
    198. FalconFighter
    199. Converter
    200. Wind ×2
    201. FalconFighter
    202. Wind
    203. Converter
    204. FalconFighter
    205. Wind
    206. FalconFighter
    207. Wind ×2
    208. Converter
    209. Wind ×2
    210. FalconFighter
    211. Wind
    212. FalconFighter
    213. Converter
    214. FalconFighter
    215. Wind ×4
    216. FalconFighter
    217. Wind ×2
    218. Converter
    219. FalconFighter ×2
    220. Converter
    221. Wind ×5
    222. FalconFighter
    223. Wind
    224. FalconFighter ×2
    225. Converter
    226. Wind ×2
    227. FalconFighter
    228. Wind ×4
    229. FalconFighter
    230. Converter
    231. FalconFighter
    232. Converter
    233. Wind
    234. FalconFighter
    235. Wind ×3
    236. FalconFighter
    237. Wind ×2
    238. FalconFighter ×2
    239. Converter
    240. Wind ×4
    241. FalconFighter
    242. Wind

Counts are medians over the build's games: half of them build more, half fewer. The example game is Jockeljkl's (31 OS, 15/09/2026); pick another.

Team trades

IN AT LEAST 30% OF ITS GAMES

You hand over

  • Construction Bot1 Con bot to Airfirst at 2:23 · in 84% of games
  • Advanced Construction Bot5 T2 con bot to Air or Geo sea or Pondfirst at 4:50 · in 99% of games
  • Butler2 Butler to Geo sea or Beach sea or Pondfirst at 9:07 · in 42% of games

You get

  • Hercules1 Light transport from Airfirst at 4:01 · in 86% of games

How it plays out

Typical game of this build, running totals by minute

Metal produced

020k40k
0:005:0010:0015:00

metal

Enemy metal destroyed

050100
0:005:0010:0015:00

metal

Own metal lost

050100150
0:005:0010:0015:00

metal

1874 games.

Show as table
ByMetal produced: This buildEnemy metal destroyed: This buildOwn metal lost: This build
1:0038300
2:0091500
3:00165100
4:00314400
5:00484700
6:00580000
7:00722700
8:00906100
9:001117300
10:001350300
11:001624200
12:001965600
13:002344500
14:0027362073
15:003154285130
WHAT THE NUMBERS SAY

Standard Tech play barely fights at all early, instead pouring metal into T2 infrastructure and constructors for the team.

  • + Metal produced hits 31679 by 15:00, by far the highest of any role here.
  • + T2 factory reached in 97% of games by 4:15, fastest and most reliable T2 timing.
  • − Enemy metal destroyed stays at 0 through 10:00, no early offense at all.
  • − Own metal lost also near 0, showing total avoidance of combat risk.
THE EXAMPLE YOU ARE READING

Jockeljkl

31.3 OS · 15/09/2026

Open source match ↗

1 received units
940 metal received · 149078 energy received

Allied construction assistance is unknown. Timings are observations, not a promise of solo reproducibility.

Typical milestones

Bot Lab1:18Middle 50%: 1:13–1:32 · n=1874
Advanced Bot Lab4:16Middle 50%: 4:04–4:30 · n=1867
Advanced Metal Extractor5:29Middle 50%: 5:05–5:59 · n=1870

Played most by

Amrissa93games of this buildTheGeneraI66games of this buildAdeus57games of this buildEl_Turco56games of this buildKOT_43games of this build